AoeStats
← damian

Lombardia

509725380Analyzed
2v2 RM · 4d ago on Sep 27, 2026· 157m 53s· 4 players
Game mode
Random Map
Map size
Medium (4 player)
Population
200
Speed
Normal
Resources
Standard
Victory
Conquest
Starting age
Dark Age
Ending age
Imperial Age
RankedLock teamsTeams togetherTeam positionsShared explorationLock speedFull tech treeHidden civsTurbo modeCheats
Victory
Defeat
🇺🇸 Britons · United States
1026
+17
🇺🇸 Spanish · United States
1026
+17
🇩🇪 Danes · Germany
1046
-17
🇩🇪 Saxons · Germany
1043
-17
damian
1:43 Loom
11:23 Feudal Age
20:49 Castle Age
23:16 Padded Archer Armor
25:48 Double-Bit Axe
25:52 Horse Collar
27:23 Bow Saw
27:53 Heavy Plow
32:20 Inquisition
35:56 Redemption
39:51 Imperial Age
39:54 Leather Archer Armor
39:46 Scale Barding Armor
39:51 Forging
39:56 Bloodlines
39:52 Husbandry
40:22 Sanctity
40:14 Stone Mining
40:16 Gold Mining
41:10 Ring Archer Armor
41:15 Conscription
41:21 Supremacy
42:40 Wheelbarrow
42:56 Forging
43:07 Chain Barding Armor
42:38 Fletching
42:17 Cavalier
45:53 Elite Conquistador
46:07 Sappers
47:13 Hoardings
47:03 Caravan
46:38 Paladin
47:10 Light Cavalry
48:28 Plate Barding Armor
48:28 Iron Casting
51:38 Block Printing
56:14 Blast Furnace
55:41 Hussar
63:47 Scale Mail Armor
63:43 Bodkin Arrow
63:18 Man-at-Arms
63:20 Pikeman
64:26 Long Swordsman
65:00 Two-Handed Swordsman
65:26 Gambesons
65:42 Squires
65:27 Arson
66:25 Champion
66:25 Halberdier
67:26 Chain Mail Armor
67:11 Bracer
72:13 Plate Mail Armor
91:09 Capped Ram
94:14 Chemistry
93:24 Masonry
93:35 Ballistics
93:26 Careening
93:06 Guard Tower
93:36 Shipwright
93:02 Arrowslits
93:29 Fortified Wall
95:14 Siege Ram
99:38 Murder Holes
Clichedsquash40
6:33 Loom
10:25 Feudal Age
11:22 Double-Bit Axe
10:59 Man-at-Arms
17:20 Fletching
22:12 Castle Age
21:33 Padded Archer Armor
21:30 Horse Collar
22:16 Crossbowman
22:55 Bodkin Arrow
22:49 Long Swordsman
23:42 Forging
23:33 Scale Mail Armor
24:15 Bow Saw
26:35 Chain Mail Armor
27:31 Leather Archer Armor
28:25 Ballistics
28:07 Gold Mining
28:54 Gambesons
30:24 Murder Holes
35:03 Wheelbarrow
37:42 Imperial Age
36:25 Iron Casting
37:16 Yeomen
37:44 Hand Cart
38:28 Bracer
37:50 Arbalester
37:53 Two-Handed Swordsman
40:12 Ring Archer Armor
41:08 Plate Mail Armor
41:27 Masonry
41:57 Champion
43:51 Blast Furnace
45:12 Architecture
44:47 Siege Engineers
46:04 Caravan
56:27 Two-Man Saw
59:06 Pikeman
59:48 Squires
59:34 Arson
97:07 Elite Longbowman
102:12 Conscription
102:31 Hoardings
105:30 Chemistry
107:58 Sappers
120:58 Town Watch
131:26 Heavy Plow
Sir_Darkdepp 1st
10:34 Feudal Age
10:20 Loom
10:35 Man-at-Arms
11:04 Arson
11:19 Double-Bit Axe
12:14 Scale Mail Armor
22:59 Castle Age
20:48 Horse Collar
22:10 Gold Mining
24:16 Bow Saw
26:09 Chain Mail Armor
25:45 Fletching
25:55 Padded Archer Armor
26:07 Forging
26:31 Heavy Plow
26:24 Stone Mining
26:53 Squires
30:13 Iron Casting
29:34 Bodkin Arrow
32:09 Leather Archer Armor
33:57 Ballistics
38:02 Imperial Age
35:32 Elite Skirmisher
36:12 Town Watch
37:27 Hamask
39:06 Wheelbarrow
40:45 Thumb Ring
40:07 Elite Jomsviking
44:09 Plate Mail Armor
45:41 Blast Furnace
48:32 Northmen's Fury
52:16 Chemistry
51:21 Siege Engineers
51:19 Bracer
53:39 Ring Archer Armor
55:15 Gold Shaft Mining
68:14 Onager
74:45 Caravan
75:44 Siege Onager
76:47 Conscription
99:34 Murder Holes
99:51 Long Swordsman
100:17 Gambesons
102:54 Two-Handed Swordsman
104:33 Two-Handed Swordsman
106:04 Champion
107:39 Hand Cart
107:24 Town Patrol
108:38 Hoardings
120:33 Pikeman
121:37 Halberdier
148:41 Masonry
Baká
10:16 Feudal Age
10:44 Double-Bit Axe
11:09 Loom
14:56 Scale Mail Armor
14:27 Man-at-Arms
16:26 Horse Collar
16:40 Gold Mining
19:12 Castle Age
17:45 Stone Mining
19:03 Fletching
19:13 Padded Archer Armor
22:18 Bow Saw
23:17 Bodkin Arrow
26:52 Heavy Plow
29:14 Elite Skirmisher
31:27 Chain Mail Armor
31:28 Leather Archer Armor
31:24 Forging
31:59 Wheelbarrow
32:17 Ballistics
34:15 Hand Cart
34:54 Iron Casting
34:53 Town Watch
36:29 Gold Shaft Mining
39:12 Imperial Age
37:19 Squires
37:04 Arson
37:58 Town Patrol
39:17 Shield Wall
40:44 Plate Mail Armor
40:15 Bracer
40:24 Elite Hearth Troop
42:33 Chemistry
44:41 Conscription
44:55 Ring Archer Armor
45:58 Elite Varangian Guard
49:06 Murder Holes
49:50 Pikeman
52:41 Caravan
53:29 Halberdier
67:18 Two-Man Saw
71:04 Crop Rotation
85:26 Long Swordsman
87:48 Gambesons
88:26 Two-Handed Swordsman
91:14 Champion
92:13 Cranequins
96:16 Capped Ram
106:15 Guilds
108:01 Siege Ram
152:38 Herbal Medicine
Connection lost

Rejoining the realm…

Still unreachable

The connection could not be restored.

Session expired

The server has moved on; the page needs a fresh start.